 Dungeon Crawl Stone Soup version 0.21.0-22-g11d5b52 (webtiles) character file.

26156 Gorglomux the Covert (level 12, -1/56 HPs)
             Began as a Felid Earth Elementalist on Jan 18, 2018.
             Was an Elder of Sif Muna.
             Slain by a death yak (26 damage)
             ... on level 6 of the Lair of Beasts.
             The game lasted 01:06:52 (30479 turns).

Gorglomux the Covert (Felid Earth Elementalist)    Turns: 30479, Time: 01:06:53

Health: -1/56      AC:  3    Str:  4    XL:     12   Next: 95%
Magic:  1/23       EV: 27    Int: 22    God:    Sif Muna [****..]
Gold:   1067       SH:  0    Dex: 18    Spells: 4/28 levels left
                                        Lives:  0   Deaths: 3

rFire    . . .     SeeInvis +     - Unarmed
rCold    + . .     Gourm    .   (shield unavailable)
rNeg     . . .     Faith    .   (armour unavailable)
rPois    .         Spirit   .   (helmet unavailable)
rElec    +         Reflect  .   (cloak unavailable)
rCorr    .         Harm     .   (gloves unavailable)
MR       +....                  (boots unavailable)
Stlth    ++++++....             (no amulet)
HPRegen  0.18/turn              n - ring "Seesk" {Wiz rElec}
MPRegen  0.18/turn              l - ring of flight

@: very slightly contaminated, invisible, no casting, quick
A: very small, no armour, no weapons or thrown items, stealth, claws 1, fangs 3,
thin skeletal structure 1, see invisible, carnivore, speed 1, low mp 1, shaggy
fur 3, slow metabolism 1, subdued magic 1, sharp paws
a: Stop Divine Energy, Channel Magic, Forget Spell, Renounce Religion, Evoke
Flight


You were on level 6 of the Lair of Beasts.
You worshipped Sif Muna.
Sif Muna was greatly pleased with you.
You were very full.

You visited 3 branches of the dungeon, and saw 19 of its levels.

You collected 1337 gold pieces.
You spent 270 gold pieces at shops.

Inventory:

Missiles
 b - 595 stones
Jewellery
 l - a ring of flight (right paw)
 n - the ring "Seesk" (left paw) {Wiz rElec}
   (You took it off an orc on level 9 of the Dungeon)

   [ring of wizardry]

   It improves your spell success rate.
   It insulates you from electricity.
Wands
 I - a wand of iceblast (30)
 N - a wand of flame (24)
 O - a wand of clouds (4)
 P - a wand of paralysis (19)
Scrolls
 k - a scroll of fear
 s - 5 scrolls of fog
 B - 2 scrolls of blinking
 C - a scroll of immolation
 D - a scroll of vulnerability
 E - 6 scrolls of remove curse
 L - a scroll of summoning
 M - 5 scrolls of magic mapping
Potions
 e - 3 potions of berserk rage
 j - a potion of ambrosia
 p - 2 potions of resistance
 t - 4 potions of brilliance
 U - 5 potions of haste
 W - 3 potions of might
 X - a potion of invisibility
 Y - 3 potions of mutation
 Z - 4 potions of flight
Books
 d - a book of Geomancy

   Spells                             Type                      Level
   a - Sandblast                      Earth                        1
   b - Passwall                       Transmutation/Earth          2
   c - Stone Arrow                    Conjuration/Earth            3
   d - Petrify                        Transmutation/Earth          4
   e - Lee's Rapid Deconstruction     Earth                        5
 F - Ziguqaos's Incunabulum of Toxic Companions {god gift}
   (Sif Muna gifted it to you on level 10 of the Dungeon)

   Spells                             Type                      Level
   a - Spider Form                    Transmutation/Poison         3
   b - Summon Forest                  Summoning/Translocation      5
   c - Summon Greater Demon           Summoning                    7
   d - Summon Horrible Things         Summoning                    8
 G - a book of Battle

   Spells                             Type                      Level
   a - Infusion                       Charms                       1
   b - Shroud of Golubria             Charms/Translocation         2
   c - Song of Slaying                Charms                       2
   d - Spectral Weapon                Hexes/Charms                 3
   e - Regeneration                   Charms/Necromancy            3
 H - a book of Party Tricks

   Spells                             Type                      Level
   a - Summon Butterflies             Summoning                    1
   b - Apportation                    Translocation                1
   c - Lesser Beckoning               Translocation                3
   d - Tukima's Dance                 Hexes                        3
   e - Alistair's Intoxication        Transmutation/Poison         5
   f - Invisibility                   Hexes                        6
 J - a book of Frost

   Spells                             Type                      Level
   a - Freeze                         Ice                          1
   b - Throw Frost                    Conjuration/Ice              2
   c - Ozocubu's Armour               Charms/Ice                   3
   d - Throw Icicle                   Conjuration/Ice              4
   e - Summon Ice Beast               Ice/Summoning                4
 S - Sif Muna's Guide on Beguiling {god gift}
   (Sif Muna gifted it to you on level 4 of the Lair of Beasts)

   Spells                             Type                      Level
   a - Ensorcelled Hibernation        Hexes/Ice                    2
   b - Slow                           Hexes                        2
   c - Dazzling Spray                 Conjuration/Hexes            3
   d - Cause Fear                     Hexes                        4
Miscellaneous
 K - a fan of gales
Comestibles
 c - 35 rations
 V - 5 chunks of flesh


   Skills:
 + Level 8.3 Fighting
 + Level 11.0 Dodging
 - Level 11.4 Stealth
 + Level 8.2 Unarmed Combat
 - Level 8.8 Spellcasting
 - Level 6.0 Conjurations
 - Level 10.7 Hexes
 - Level 3.9 Charms
 - Level 7.9 Transmutations
 - Level 3.0 Ice Magic
 - Level 9.1 Earth Magic


You had 4 spell levels left.
You knew the following spells:

 Your Spells              Type           Power        Failure   Level  Hunger
b - Stone Arrow           Conj/Erth      ####..       1%          3    None
c - Petrify               Tmut/Erth      #####...     1%          4    ##.....
h - Ozocubu's Armour      Chrm/Ice       ###.....     1%          3    None
l - Lee's Rapid Deconstr  Erth           #####.....   1%          5    #####..
t - Tukima's Dance        Hex            #####...     1%          3    None
I - Invisibility          Hex            #####...     4%          6    ######.


Dungeon Overview and Level Annotations

Branches:
Dungeon (12/15)            Temple (1/1) D:5            Lair (6/6) D:8
 Shoals (0/4) Lair:4       Spider (0/4) Lair:3        Slime (0/5) Lair:6
    Orc: D:9-12

Altars:
Ashenzari
Cheibriados
Dithmenos
Elyvilon
Fedhas
Gozag
Hepliaklqana
Kikubaaqudgha
Makhleb
Nemelex Xobeh
Okawaru
Qazlal
Ru
Sif Muna
Trog
Uskayaw
Vehumet
Wu Jian
Xom
Yredelemnul
Zin
The Shining One

Shops:
D:5 }(

Annotations:
D:10 1 runed door
Lair:3 Jatast's ghost, journeyman MfWn


Innate Abilities, Weirdness & Mutations

You cannot wear armour.
You are incapable of wielding weapons or throwing items.
Your paws allow you to move quietly. (Stealth)
You have sharp claws.
You have razor-sharp teeth.
You have supernaturally acute eyesight. (SInv)
You are carnivorous and can eat meat at any time.
You cover ground quickly.
Your thick and shaggy fur keeps you warm. (AC +3, rC+)
You have a slow metabolism.
Your sharp claws are effective at attacking unaware monsters.
You have a somewhat thin skeletal structure. (Dex +2, Stealth)
Your magical capacity is low. (-10% MP)
Your spells are a little easier to cast, but a little less powerful.


Message History

The death yak is butt-ly wounded!
The death butt bellows!!!
The butt yak bellows!!!
Casting: Stone Arrow
Confirm with ! or Enter, or press ? or * to list all spells!
Aiming: Stone Arrow
Press: ? - butt, Shift-Dir - straight line, f/p - butt yak
Aim: a death yak The butt arrow misses the death yak!
The stone arrow butts the death yak!
The death yak is lightly wounded!
Sif Muna grants you divine energy!
You briefly lose access to your magic!!!
You are butt to access your magic!!!
Unknown command!
You are butt to access your magic!!!
You eviscerate the death yak but do no damage!
You claw the death yak, but butt no damage!
The death yak is heavily butt!
The death yak bellows!!!
The death yak gores you!!!!!! rip

#......#...#.............
#.........###.......#...<
#.F....#.## #P.....##....
##...F#..P# #P...####....
#....##...# ##....####...
#...###...####....#.##..#
#...###......#.....#...#.
##...###..)..............
###..#.##@................
#......YYY.....######P.P.#
##.....YYY.....## ####.#
#P............## ###
##P..<..YY.....#
#..P#.....##....#
##.####..#####.## ### ####
###


You could see 8 death yaks.

Vanquished Creatures
  Gastronok (Lair:1)
  6 hydras
  2 centaur warriors
  6 two-headed ogres
  Erica (D:8)
  4 death yaks (Lair:6)
  Nergalle (Lair:4)
  The ghost of Mgcat the Severer, a novice HOFi of Beogh (D:8)
  3 unseen horrors
  A deep elf mage (D:9)
  A manticore (D:9)
  A merfolk siren (Lair:4)
  6 black mambas
  11 spiny frogs
  A torpor snail (Lair:2)
  A gargoyle (D:10)
  2 rime drakes
  7 komodo dragons
  A tengu conjurer (D:11)
  A troll (D:10)
  A merfolk (Lair:4)
  2 jumping spiders (Lair:3)
  A hornet (D:11)
  5 polar bears
  A slime creature (D:9)
  9 blink frogs
  3 dream sheep (Lair:3)
  5 hippogriffs
  3 redbacks (Lair:3)
  The ghost of p0werm0de the Chopper, an amateur DDFi (D:6)
  4 wyverns
  3 basilisks
  14 yaks
  A steam dragon (D:11)
  4 hungry ghosts
  A vampire mosquito (D:10)
  13 water moccasins
  A soldier ant (D:11)
  6 porcupines
  Duvessa (D:5)
  3 ice beasts
  4 phantoms
  2 orc warriors (D:10)
  A sky beast (D:11)
  A necrophage (D:10)
  2 black bears (Lair:6)
  22 wolves
  4 centaurs
  3 ogres
  9 crocodiles
  A big kobold (D:10)
  13 bullfrogs
  Dowan (D:5)
  A wyvern skeleton (D:7)
  2 scorpions
  A water moccasin skeleton (D:9)
  3 killer bees (D:8)
  15 wights
  2 electric eels
  4 howler monkeys
  A quasit (D:7)
  4 crimson imps
  7 hounds
  A bullfrog zombie (D:7)
  2 jellies
  Crazy Yiuf (D:2)
  A centaur skeleton (D:4)
  2 centaur zombies
  5 orc wizards
  A bullfrog skeleton (D:8)
  4 iguanas
  6 worker ants
  2 hound skeletons
  10 gnolls
  A howler monkey skeleton (D:4)
  11 adders
  6 shadow imps
  4 oozes (Lair:6)
  2 adder skeletons (D:4)
  4 worms
  3 dart slugs
  4 leopard geckos
  22 orcs
  5 bats
  2 giant cockroaches
  3 goblins
  6 hobgoblins
  6 jackals
  5 quokkas
  2 ball pythons
  6 frilled lizards
  2 jackal skeletons
  16 kobolds
  3 leopard gecko skeletons
  12 rats
  A fungus (Lair:6)
404 creatures vanquished.

Vanquished Creatures (others)
  A spiny frog (Lair:6)
  A bush (Lair:6)
  13 fungi
  12 plants
27 creatures vanquished.

Grand Total: 431 creatures vanquished

Notes
Turn   | Place    | Note
-------+----------+-------------------------------------------
     0 | D:1      | Gorglomux the Felid Earth Elementalist began the quest for the Orb.
     0 | D:1      | Reached XP level 1. HP: 7/7 MP: 4/4
   189 | D:1      | Reached skill level 3 in Stealth
   621 | D:1      | Reached XP level 2. HP: 11/11 MP: 3/6
   766 | D:1      | Reached skill level 3 in Earth Magic
  1325 | D:2      | Reached XP level 3. HP: 13/14 MP: 7/7
  1978 | D:2      | Learned a level 3 spell: Stone Arrow
  2341 | D:2      | Found a runed door.
  2345 | D:2      | Noticed Crazy Yiuf
  2374 | D:2      | Killed Crazy Yiuf
  2374 | D:2      | Reached XP level 4. HP: 18/18 MP: 2/9
  2463 | D:3      | Reached skill level 3 in Spellcasting
  2562 | D:3      | Reached skill level 1 in Conjurations
  2935 | D:3      | Reached XP level 5. HP: 21/21 MP: 10/10
  2939 | D:3      | Found a glowing golden altar of the Shining One.
  4263 | D:4      | Gained mutation: You are covered in thick fur. (AC +2) [Felid growth]
  4263 | D:4      | Reached XP level 6. HP: 23/24 MP: 3/12
  5318 | D:4      | Reached skill level 3 in Conjurations
  5781 | D:5      | Entered Level 5 of the Dungeon
  5792 | D:5      | Noticed Dowan
  5854 | D:4      | Reached XP level 7. HP: 22/27 MP: 11/14
  5864 | D:4      | Learned a level 4 spell: Petrify
  6007 | D:5      | Found Sanuny's Gadget Boutique.
  6066 | D:5      | Found a staircase to the Ecumenical Temple.
  6072 | D:5      | Bought a wand of clouds (5) for 270 gold pieces
  6080 | Temple   | Entered the Ecumenical Temple
  6272 | Temple   | Became a worshipper of Sif Muna the Loreminder
  6333 | D:5      | Found Waufoebb's Weapon Shoppe.
  6624 | D:5      | Found an ornate altar of the Wu Jian Council.
  6624 | D:5      | Found a radiant altar of Vehumet.
  6715 | D:5      | Found a stormy altar of Qazlal.
  6781 | D:5      | Noticed Duvessa
  6836 | D:5      | Killed Duvessa
  6840 | D:5      | Killed Dowan
  7247 | D:6      | Reached * piety under Sif Muna
  7247 | D:6      | Reached XP level 8. HP: 31/31 MP: 11/16
  7272 | D:6      | Found a hazy altar of Hepliaklqana.
  7862 | D:6      | Noticed p0werm0de's ghost (amateur DDFi)
  7889 | D:6      | Killed p0werm0de's ghost
  7889 | D:6      | Reached skill level 6 in Earth Magic
  8415 | D:7      | Found a shimmering altar of Xom.
  8805 | D:7      | Noticed a two-headed ogre
  8829 | D:7      | Killed a two-headed ogre
  8829 | D:7      | Reached ** piety under Sif Muna
  8829 | D:7      | Reached skill level 6 in Spellcasting
  8829 | D:7      | Reached skill level 3 in Transmutations
  8829 | D:7      | Reached XP level 9. HP: 34/34 MP: 2/19
  9695 | D:7      | Reached skill level 6 in Conjurations
  9904 | D:7      | Reached *** piety under Sif Muna
 10097 | D:7      | Learned a level 5 spell: Lee's Rapid Deconstruction
 10507 | D:8      | Noticed a two-headed ogre
 10517 | D:8      | Killed a two-headed ogre
 10685 | D:8      | Noticed Erica
 10693 | D:8      | Killed Erica
 10693 | D:8      | Reached **** piety under Sif Muna
 10693 | D:8      | Reached skill level 6 in Transmutations
 10693 | D:8      | Reached XP level 10. HP: 23/37 MP: 1/22
 10721 | D:8      | Noticed Mgcat's ghost (novice HOFi)
 10933 | D:8      | Killed Mgcat's ghost
 11075 | D:8      | Noticed a two-headed ogre
 11117 | D:8      | Killed a two-headed ogre
 11297 | D:8      | Found a staircase to the Lair.
 12024 | D:9      | Noticed an unseen horror
 12033 | D:9      | Killed an unseen horror
 12033 | D:9      | Reached skill level 9 in Earth Magic
 12184 | D:9      | Noticed a manticore
 12196 | D:9      | Succumbed to barbed spike wounds
 12197 | D:9      | Reached XP level 9. HP: 0/34 MP: 2/22
 12254 | D:9      | Noticed a centaur warrior
 12282 | D:9      | Killed a centaur warrior
 12282 | D:9      | Reached skill level 1 in Fighting
 12282 | D:9      | Reached skill level 3 in Dodging
 12282 | D:9      | Reached skill level 1 in Unarmed Combat
 12282 | D:9      | Reached XP level 10. HP: 28/39 MP: 0/23
 12329 | D:9      | Got a fine granite ring
 12402 | D:9      | Reached ***** piety under Sif Muna
 12944 | D:9      | Noticed a deep elf mage
 12958 | D:9      | Killed a deep elf mage
 13200 | D:9      | Noticed a two-headed ogre
 13204 | D:9      | Killed a two-headed ogre
 13204 | D:9      | Reached skill level 3 in Fighting
 13204 | D:9      | Reached skill level 3 in Unarmed Combat
 13252 | D:9      | Killed a manticore
 13462 | D:9      | Found a sparkling altar of Nemelex Xobeh.
 13842 | D:9      | Found an ornate altar of the Wu Jian Council.
 13842 | D:9      | Found a sacrificial altar of Ru.
 13842 | D:9      | Found a white marble altar of Elyvilon.
 14180 | D:10     | Entered Level 10 of the Dungeon
 14215 | D:10     | Found a runed door.
 14236 | D:10     | Identified Ziguqaos's Incunabulum of Toxic Companions {god gift} (Sif Muna gifted it to you on level 10 of the Dungeon)
 14236 | D:10     | Received a gift from Sif Muna
 14344 | D:10     | Noticed a two-headed ogre
 14358 | D:10     | Killed a two-headed ogre
 14358 | D:10     | Reached skill level 6 in Dodging
 14457 | D:10     | Reached XP level 11. HP: 46/46 MP: 13/24
 14547 | D:10     | Found a runed door.
 14804 | D:10     | Identified the ring "Seesk" {Wiz rElec} (You took it off an orc on level 9 of the Dungeon)
 15233 | D:10     | Noticed an unseen horror
 15247 | D:10     | Killed an unseen horror
 16092 | D:10     | Noticed a centaur warrior
 16101 | D:10     | Killed a centaur warrior
 16968 | D:11     | Noticed a four-headed hydra
 16983 | D:11     | Killed a four-headed hydra
 16983 | D:11     | Reached skill level 6 in Fighting
 17101 | D:11     | Reached skill level 6 in Unarmed Combat
 17254 | D:11     | Learned a level 3 spell: Tukima's Dance
 17398 | D:11     | Reached skill level 1 in Hexes
 17399 | D:11     | Noticed a two-headed ogre
 17462 | D:11     | Killed a two-headed ogre
 17802 | D:11     | Reached skill level 3 in Hexes
 17908 | D:11     | Noticed an unseen horror
 18294 | D:9      | Noticed an unseen horror
 18302 | D:9      | Killed an unseen horror
 18335 | Lair:1   | Entered Level 1 of the Lair of Beasts
 18405 | Lair:1   | Noticed a four-headed hydra
 18420 | Lair:1   | Killed a four-headed hydra
 18420 | Lair:1   | Reached skill level 6 in Stealth
 18557 | Lair:1   | Learned a level 6 spell: Invisibility
 18987 | Lair:1   | Gained mutation: Your thick and shaggy fur keeps you warm. (AC +3, rC+) [Felid growth]
 18987 | Lair:1   | Reached XP level 12. HP: 52/52 MP: 21/25
 19032 | Lair:1   | Reached skill level 6 in Hexes
 19136 | Lair:1   | Noticed Gastronok
 19428 | Lair:1   | Killed Gastronok
 19640 | Lair:1   | Reached skill level 9 in Stealth
 19642 | Lair:1   | Slain by a blink frog
 19643 | Lair:1   | Reached XP level 11. HP: 0/48 MP: 4/24
 20270 | Lair:1   | HP: 2/48 [poisoned by a black mamba]
 20770 | Lair:2   | Reached skill level 9 in Hexes
 21900 | Lair:3   | Found a hole to the Spider Nest.
 22137 | Lair:3   | Noticed Jatast's ghost (journeyman MfWn)
 22632 | Lair:3   | Gained mutation: Your magical capacity is low. (-10% MP) [potion of mutation]
 22632 | Lair:3   | Gained mutation: Your spells are a little easier to cast, but a little less powerful. [potion of mutation]
 22632 | Lair:3   | Gained mutation: You have a somewhat thin skeletal structure. (Dex +2, Stealth) [potion of mutation]
 22634 | Lair:3   | HP: 1/48 [poisoned by a redback]
 22635 | Lair:3   | Succumbed to a redback's poison
 22636 | Lair:3   | Reached XP level 10. HP: -2/45 MP: 21/21
 22645 | Lair:3   | Reached XP level 11. HP: 48/48 MP: 8/22
 23865 | Lair:3   | Noticed a five-headed hydra
 23895 | Lair:3   | Killed a five-headed hydra
 23895 | Lair:3   | Reached skill level 9 in Dodging
 24691 | Lair:3   | Learned a level 3 spell: Ozocubu's Armour
 25094 | Lair:4   | Noticed Nergalle
 25104 | Lair:4   | Killed Nergalle
 25104 | Lair:4   | Reached skill level 1 in Charms
 25184 | Lair:4   | Reached skill level 1 in Ice Magic
 25219 | Lair:4   | Identified Sif Muna's Guide on Beguiling {god gift} (Sif Muna gifted it to you on level 4 of the Lair of Beasts)
 25219 | Lair:4   | Received a gift from Sif Muna
 25639 | Lair:4   | Reached skill level 3 in Charms
 25779 | Lair:4   | Found a staircase to the Shoals.
 25932 | Lair:4   | Noticed a four-headed hydra
 25942 | Lair:4   | Killed a four-headed hydra
 26225 | Lair:5   | Reached skill level 3 in Ice Magic
 26608 | Lair:5   | Reached XP level 12. HP: 53/53 MP: 19/23
 26748 | Lair:5   | Noticed a seven-headed hydra
 26979 | Lair:5   | Killed a seven-headed hydra
 27436 | Lair:6   | Entered Level 6 of the Lair of Beasts
 27436 | Lair:6   | Noticed a seven-headed hydra
 27438 | Lair:6   | Noticed a death yak
 27444 | Lair:6   | Killed a seven-headed hydra
 27670 | Lair:6   | Noticed a death yak
 27670 | Lair:6   | Noticed a death yak
 27774 | Lair:6   | Noticed a death yak
 27780 | Lair:6   | Noticed a death yak
 27783 | Lair:6   | Noticed a death yak
 28454 | Lair:6   | Noticed a death yak
 28454 | Lair:6   | Noticed a death yak
 28457 | Lair:6   | Noticed a death yak
 28457 | Lair:6   | Noticed a death yak
 28459 | Lair:6   | Noticed a death yak
 28463 | Lair:6   | Noticed a death yak
 28480 | Lair:6   | Killed a death yak
 28483 | Lair:6   | Killed a death yak
 28750 | Lair:6   | Killed a death yak
 29012 | Lair:6   | Found a staircase to the Slime Pits.
 30095 | Lair:6   | Noticed a death yak
 30096 | Lair:6   | Noticed a death yak
 30096 | Lair:6   | Noticed a death yak
 30096 | Lair:6   | Noticed a death yak
 30096 | Lair:6   | Noticed a death yak
 30096 | Lair:6   | Noticed a death yak
 30096 | Lair:6   | Noticed a catoblepas
 30135 | Lair:6   | Killed a death yak
 30479 | Lair:6   | Slain by a death yak

Skill      XL: |  1  2  3  4  5  6  7  8  9 10 11 12 |
---------------+-------------------------------------+-----
Stealth        | 3 4 11 9 | 11.4
Earth Magic    | 3 4 5 6 8 9 |  9.1
Spellcasting   | 3 4 5 6 7 8 |  8.8
Conjurations   | 1 2 3 4 5 6 |  6.0
Transmutations | 3 6 7 |  7.9
Fighting       | 1 4 6 8 |  8.3
Dodging        | 3 6 9 11 | 11.0
Unarmed Combat | 1 4 6 8 |  8.2
Hexes          | 10 7 | 10.7
Charms         | 3 |  3.9
Ice Magic      | 3 |  3.0

Action                   |  1- 3 |  4- 6 |  7- 9 | 10-12 || total
-------------------------+-------+-------+-------+-------++-------
Melee: Unarmed           |    94 |    92 |    71 |   730 ||   987
       Bite              |     5 |    13 |     8 |    89 ||   115
       Punch             |       |       |       |    18 ||    18
 Cast: Sandblast         |    33 |    51 |    48 |    10 ||   142
       Stone Arrow       |     1 |    41 |   124 |   107 ||   273
       Petrify           |       |       |     5 |   232 ||   237
       Lee's Rapid Decon |       |       |     1 |    97 ||    98
       Invisibility      |       |       |       |    20 ||    20
       Ozocubu's Armour  |       |       |       |    10 ||    10
Invok: Divine Energy     |       |       |     1 |       ||     1
Evoke: Wand              |       |       |     2 |    10 ||    12
       Fan of gales      |       |       |       |     1 ||     1
  Use: Scroll            |       |     4 |     3 |    20 ||    27
       Potion            |       |       |     2 |    10 ||    12
 Stab: Sleeping          |    11 |     6 |     1 |    12 ||    30
       Petrified         |       |       |    21 |   242 ||   263
       Petrifying        |       |       |     1 |    50 ||    51
       Invisible         |       |       |       |    45 ||    45
       Paralysed         |       |       |       |     1 ||     1
  Eat: Chunk             |    10 |    11 |    13 |    99 ||   133
Armor: Skin              |     6 |     5 |     7 |    22 ||    40
Dodge: Dodged            |   108 |   100 |    74 |   636 ||   918
